Map: En périphérie de Nulpar EC

Players

BlitzZz

  • Race: Zerg Zerg
  • League: Master
  • Spawn Location: 5:00

llllllllllll - Winner!

  • Race: Terran Terran
  • League: Grandmaster
  • Spawn Location: 11:00

VOD

Have the link to the VOD?

Description

Time

  • Played on: March 7, 2018, 5:49 p.m.
  • Length: 7:14
Show
View Real Time Build Order
Export as new Build Order

BlitzZz Zerg 

Build Orders: Hatch First 

Get SALT Encoding   

  12  0:01  Drone  
  13  0:13  Overlord  
  13  0:17  Drone  
  14  0:31  Drone x2  
  14  0:35  Drone  
  17  0:53  Hatchery  
  16  0:58  Drone  
  16  0:59  Drone  
  18  1:11  Extractor  
  18  1:14  Spawning Pool  
  18  1:17  Drone  
  17  1:20  Drone  
  18  1:29  Drone  
  19  1:40  Overlord  
  19  2:01  Queen  
  19  2:03  Zergling x4  
  19  2:05  Zergling x2, Queen  
  26  2:11  Metabolic Boost  
  26  2:13  Drone  
  27  2:16  Drone  
  28  2:23  Drone  
  28  2:27  Drone  
  30  2:39  Drone x2  
  30  2:41  Queen  
  34  2:48  Overlord  
  33  3:09  Drone x4  
  37  3:14  Hatchery  
  37  3:15  Drone x2  
  37  3:16  Drone x2  
  40  3:24  Drone x2  
  40  3:25  Baneling Nest  
  41  3:28  Overlord  
  41  3:38  Overlord  
  41  3:39  Drone x3  
  44  3:45  Overlord  
  44  3:51  Drone x2  
  44  3:52  Drone x3  
  44  3:54  Drone  
  44  3:55  Drone  
  51  4:01  Extractor  
  51  4:02  Extractor  
  49  4:03  Overlord  
  49  4:18  Zergling x6  
  49  4:20  Zergling x2  
  49  4:21  Zergling x10  
  58  4:28  Drone  
  58  4:30  Lair  
  59  4:32  Zergling x4  
  59  4:38  Drone  
  62  4:40  Drone  
  62  4:42  Spore Crawler  
  62  4:44  Spore Crawler  
  61  4:47  Zergling x4  
  61  4:52  Zergling x16  
  71  4:57  Overlord  
  71  5:07  Baneling x4  
  71  5:08  Baneling x8  
  71  5:10  Zergling x6  
  74  5:18  Drone x2  
  74  5:19  Drone x3  
  79  5:21  Overlord  
  79  5:28  Centrifical Hooks  
  52  5:51  Drone  
  52  5:52  Hydralisk Den  
  52  6:00  Drone x3  
  52  6:01  Drone x7  
  62  6:14  Evolution Chamber, Zergling x4  
  62  6:15  Evolution Chamber, Zergling x4  
  64  6:23  Zergling x2  
  64  6:24  Zergling x20  
  69  6:35  Hydralisk x3  
  69  6:39  Baneling  
  74  6:40  Baneling x6  
  74  6:42  Hydralisk  
  74  6:46  Baneling x2  
  74  6:53  Zergling x6  
Show
View Real Time Build Order
Export as new Build Order

llllllllllll Terran - Winner!

Build Orders: Reaper Expand 

Get SALT Encoding   

  12  0:00  SCV  
  13  0:12  SCV  
  14  0:17  Supply Depot  
  14  0:25  SCV  
  15  0:39  SCV  
  15  0:40  Barracks  
  16  0:43  Refinery  
  16  0:51  SCV  
  17  1:03  SCV  
  18  1:15  SCV  
  19  1:27  Orbital Command  
  19  1:28  Reaper  
  20  1:39  Command Center  
  20  1:53  Supply Depot  
  20  1:54  SCV  
  20  2:00  Barracks Reactor  
  21  2:07  SCV, Refinery  
  22  2:19  SCV  
  22  2:21  Factory  
  23  2:31  SCV  
  24  2:39  Marine x2  
  24  2:43  SCV  
  27  2:53  Orbital Command  
  27  2:55  SCV  
  30  3:07  SCV  
  30  3:10  Starport  
  29  3:18  Barracks Tech Lab  
  29  3:19  SCV, Hellion x2, Supply Depot  
  34  3:20  SCV  
  35  3:31  SCV  
  35  3:33  SCV  
  37  3:37  Supply Depot  
  37  3:39  Marauder  
  37  3:41  Concussive Shells, Hellion x2  
  43  3:43  SCV  
  43  3:45  SCV  
  45  3:51  Medivac  
  47  3:55  SCV  
  47  3:57  SCV  
  53  4:02  Hellion x2  
  53  4:04  Marauder  
  53  4:08  SCV  
  53  4:09  SCV  
  57  4:20  SCV  
  57  4:21  SCV, Barracks  
  59  4:24  Factory  
  59  4:31  Supply Depot  
  59  4:32  SCV, Supply Depot  
  59  4:33  SCV  
  61  4:43  Supply Depot  
  61  4:45  Supply Depot  
  61  4:48  Barracks  
  67  4:53  Marauder, Hellion x2  
  67  4:57  Medivac  
  69  5:06  Armory  
  69  5:08  Supply Depot  
  71  5:14  Marauder, Hellion x2  
  71  5:15  Hellion  
  79  5:35  Marauder, Barracks Tech Lab  
  79  5:36  Barracks Tech Lab, Hellion x2  
  74  5:50  Medivac, Hellion  
  74  5:55  Supply Depot  
  74  5:56  Supply Depot  
  80  5:57  Marauder, Hellion x2  
  80  5:59  Marauder x2  
  88  6:11  Hellion  
  88  6:16  Supply Depot  
  88  6:17  Supply Depot  
  92  6:18  Marauder, Hellion  
  92  6:20  Marauder x2  
  96  6:38  Hellion x2  
  96  6:39  Medivac  
  106  6:40  Marauder, Hellion  
  106  6:41  Marauder  
  106  6:42  Marauder  
Tags
 
Add a new tag
Caveats
  • Supply blocks, unpowered buildings, or Contaminate may cause inaccurate times.
  • Supply counts are checked every 10 seconds.